 Dungeon Crawl Stone Soup version 0.15-a0-2246-gfd41422 (webtiles) character file.

114 MackTheKnife the Sneak (level 4, -8/23 HPs)
             Began as a Vine Stalker Assassin on July 26, 2014.
             Was an Initiate of Dithmenos.
             Killed by divine providence
             ... invoked by an orc priest
              (11 damage)
             ... on Level 3 of the Dungeon.
             The game lasted 00:05:40 (1930 turns).

MackTheKnife the Sneak (Vine Stalker Assassin)      Turns: 1930, Time: 00:05:40

HP  -8/23        AC  8     Str 14      XL: 4   Next: 98%
MP   0/5         EV 10     Int 11      God: Dithmenos [......]
Gold 132         SH  0     Dex 16      Spells:  0 memorised,  3 levels left

rFire  . . .     SeeInvis .     j - +1 dagger (drain)
rCold  + . .     Clarity  .     q - +3 leather armour
rNeg   . . .     rCorr    .     (no shield)
rPois  .         rRot     +     (no helmet)
rElec  .         Spirit   +     d - +0 cloak
SustAb .         Warding  .     (no gloves)
rMut   .         Stasis   .     p - +0 pair of boots
Gourm  .                        (no amulet)
MR     .....                    t - ring of stealth
                                l - ring of protection from cold

@: not resistant to hostile enchantments, stealthy
A: fangs 2, regeneration 1, magic shield, antimagic bite, no device heal 3, rot
immunity
a: Renounce Religion


You were on level 3 of the Dungeon.
You worshipped Dithmenos.
Dithmenos was noncommittal.
You were not hungry.

You visited 1 branch of the dungeon, and saw 3 of its levels.

You collected 132 gold pieces.


Innate Abilities, Weirdness & Mutations

You have extremely sharp teeth.
Your natural rate of healing is unusually fast.
When hurt, damage is shared between your health and your magic reserves.
Your bite disrupts and absorbs the magic of your enemies.
Potions and wands cannot restore your health.
You are immune to rotting.


   Skills:
 - Level 1.7 Fighting
 - Level 2.3 Short Blades
 - Level 1.7 Throwing
 - Level 0.7 Dodging
 + Level 7.4 Stealth


You had 3 spell levels left.
You didn't know any spells.

Inventory:

Hand weapons
 b - a +0 blowgun
 j - a +1 dagger of draining (weapon)
Missiles
 e - 8 poisoned needles
 f - 2 curare-tipped needles
Armour
 d - a +0 cloak (worn)
 p - a +0 pair of boots (worn)
 q - a +3 leather armour (worn)
Comestibles
 g - 3 bread rations
 i - a slice of pizza
Scrolls
 h - a scroll of noise {unknown}
 m - a scroll of recharging {unknown}
 n - a scroll of fear {unknown}
 o - a scroll of immolation {unknown}
 r - a scroll of identify {unknown}
 s - 3 scrolls of remove curse {unknown}
 v - a scroll of teleportation {unknown}
Jewellery
 l - a ring of protection from cold (left hand)
 t - a ring of stealth (right hand)
 u - an uncursed ring of magical power {unknown}
Potions
 a - a potion of might {unknown}
 c - a potion of heal wounds {unknown}
 k - a potion of curing {unknown}
 w - a potion of invisibility {unknown}

▒ ▒·▒ ·▒▒<····▒▒ · ▒·▒
·▒▒▒▒····▒ · ▒·▒
·▒·······▒ ▒·▒
▒▒▒▒▒·▒···))··▒▒▒ ▒·▒
▒·········<···▒·▒ ·
▒·▒▒·▒▒·▒·▒·▒▒▒·▒
··▒▒▒▒▒▒·▒·)···▒···▒···▒
>··o·····▒·▒▒▒·▒▒▒▒····▒
▒·······▒f▒▒··········▒
▒o·)o)··▒▒·▒▒▒▒▒··▒·▒▒▒
▒▒▒▒▒▒▒▒▒▒···▒▒▒······▒▒
········(▒···▒·······▒
▒▒▒▒▒▒▒▒▒▒▒▒····▒▒▒···
▒··)▒▒·▒▒·· ▒·▒·▒·_·▒·▒
▒·▒·······▒ ▒·▒▒·····▒▒


You could see 2 orc priests.


Message History

The gnoll hits you but does no damage. The orc hits you with a falchion.
An orc priest comes into view.
You hit the gnoll. You drain the gnoll!
The gnoll is almost dead.
The orc priest hits you with a flail. The gnoll misses you.
The orc barely misses you.
You hit the orc.
You kill the orc!
Dithmenos accepts your kill.
The orc priest calls down the wrath of Beogh upon you.
Something smites you!
* * * LOW HITPOINT WARNING * * *
You hit the gnoll.
You kill the gnoll!
Dithmenos accepts your kill.
The orc priest looks braver.
The orc priest hits you but does no damage.
You hit the orc priest but do no damage.
You drain the orc priest! You bite the orc priest. You drain its power.
You feel invigorated.
The orc priest is moderately wounded.
The orc sings a few bars from the Orcish anthem.
The orc priest glows brightly for a moment.
The orc priest mumbles some strange prayers to Beogh against you.
Pain shoots through your body!
* * * LOW HITPOINT WARNING * * *
You see here a club.
The orc priest calls down the wrath of Beogh upon you.
Something smites you!
You die...

Action                   |  1- 3 |  4- 6 || total
-------------------------+-------+-------++-------
Melee: Dagger            |    65 |    48 ||   113
 Stab: Sleeping          |    10 |     2 ||    12
  Eat: Chunk             |       |     3 ||     3

Vault maps used:
D:1:      dpeg_arrival_rooms_with_view, grunt_decor_resistance,
          minmay_misc_feat_plants, grunt_decor_mini_mirrors,
          serial_bayou_pond_e, lemuel_old_faithful
D:2:      nemelex_xobeh_ov_fountains_minmay, first_bread
D:3:      overflow_temple_1_default, lemuel_crystal_altar,
          nicolae_dithmenos_through_a_glass_darkly

Notes
Turn   | Place    | Note
--------------------------------------------------------------
     0 | D:1      | MackTheKnife, the Vine Stalker Assassin, began the quest for the Orb.
     0 | D:1      | Reached XP level 1. HP: 11/11 MP: 1/1
    89 | D:1      | Reached skill level 2 in Short Blades
    89 | D:1      | Reached skill level 5 in Stealth
   113 | D:1      | Reached XP level 2. HP: 15/15 MP: 3/3
   467 | D:1      | Reached XP level 3. HP: 18/18 MP: 4/4
   968 | D:2      | Found a sparkling altar of Nemelex Xobeh.
   973 | D:2      | Reached skill level 6 in Stealth
  1388 | D:3      | Found a snail-covered altar of Cheibriados.
  1394 | D:3      | Reached XP level 4. HP: 21/23 MP: 5/5
  1487 | D:3      | Noticed vYxOr's ghost (average OgFi)
  1833 | D:3      | Found a shadowy altar of Dithmenos.
  1859 | D:3      | Became a worshipper of Dithmenos the Shadowed
  1891 | D:3      | Reached skill level 7 in Stealth
  1930 | D:3      | Killed from afar by an orc priest

Vanquished Creatures
  An orc wizard (D:3)
  3 gnolls (D:3)
  An adder (D:2)
  A giant gecko (D:1)
  4 orcs (D:3)
  4 bats
  7 goblins
  4 hobgoblins
  2 jackals (D:1)
  A quokka (D:3)
  4 giant cockroaches
  4 giant newts
  8 kobolds
  7 rats
51 creatures vanquished.
